woodfighter, neutral female human Healer ---------- ----.---------- |........| |.............| |........-# ..............| |.....%..|# |...<...{.....| |........|# |....#......... -+---.----# ----------.---- ## # ## # #################` # # # ------------.-- ######### # ###|......._.....| ---.---------- -------|- #............I.| ##.............| |`.^....-###### |.....^........#### |............| |.......| --------------- #)# |............| |.......| ####|..>.........| |.>......###`#################### #.............| --------- -------------- woodfighter the Rhizotomist Experience level: 2 Strength: 12 Dexterity: 10 Constitution: 17 Intelligence: 10 Wisdom: 15 Charisma: 16 Health: 0(21) Energy: 7(7) Def: 3 Gold: 1668 Moves: 1122 Dungeon seed: BfMqgOEdXOORGdjX Game ID: woodfighter_1502657139 Your Inventory: Coins $ - 1668 gold pieces Amulets v - an uncursed amulet of restful sleep (being worn) Weapons a - a +0 scalpel (weapon in hand) Armor e - an uncursed +1 pair of leather gloves (being worn) n - an uncursed +0 orcish helm (being worn) Comestibles l - 4 blessed eucalyptus leaves m - 3 blessed sprigs of wolfsbane o - 4 blessed cloves of garlic p - 6 uncursed apples q - an uncursed lichen corpse r - an uncursed tripe ration Scrolls w - an uncursed scroll of teleportation z - a cursed scroll of identify Spellbooks i - a blessed spellbook of healing j - a blessed spellbook of extra healing k - a blessed spellbook of stone to flesh Potions c - 2 blessed potions of healing d - 2 uncursed potions of healing f - a blessed potion of extra healing g - 3 uncursed potions of extra healing u - an uncursed potion of speed Wands h - a wand of sleep (0:7) Tools b - an uncursed stethoscope x - an uncursed magic whistle y - an uncursed skeleton key Spells and supernatural/magical abilities: Name Level Category Fail Memory h - healing 1 healing 24% 95% x - extra healing 3 healing 100% 95% S - stone to flesh 3 healing 100% 95% W - pray for help -- divine ? -- Your skills at the end: Miscellaneous Skills wands [Basic] Weapon Skills knife [Basic] Spellcasting Skills healing spells [Basic] Final Attributes: You were devoutly aligned. You were cold resistant. You were poison resistant. You fell asleep. You were very stealthy. You are dead. Vanquished creatures: a kitten a gas spore a brown mold a yellow mold 2 jackals 7 newts a goblin 4 sewer rats 2 lichens 20 creatures vanquished. Voluntary challenges: You did not cause conflict. You were not invisible. You did not have reflection. You were not displaced. You used a wielded weapon 25 times, starting on turn 23. You did not use containers. You did not apply a unicorn horn. You did not use plumbed fixtures. You did not drink any magical draughts. You were illiterate. You never genocided any monsters. You never polymorphed an object. You never changed form. You used no wishes. You never split a pudding. You never wrote Elbereth's name. You never violated your personal moral code. Dungeon overview: The Dungeons of Doom: levels 1 to 4 Level 1 some altars to Hermes and Poseidon, some fountains a long staircase Level 2 a fountain Level 3 <- You were here an altar to Athena, a fountain, a sink stairs to The Gnomish Mines Level 4 The Gnomish Mines: Level 4 stairs to The Dungeons of Doom History has recorded: On T:1 you entered the Dungeons of Doom to retrieve the Amulet of Yendor! On T:33 you reached level 2 of The Dungeons of Doom. On T:696 you reached level 3 of The Dungeons of Doom. On T:745 you advanced to experience level 2. On T:862 you reached level 1 of The Gnomish Mines. On T:1060 you reached level 4 of The Dungeons of Doom. Score breakdown: Gold: 259 ( 25 points) Experience: 2 levels ( 100 points) Exploration: 4 levels ( 90 points) Discoveries: 7 items ( 350 points) Variety of kills: 9 monsters ( 450 points) Major goal: (nothing yet) ( 0 points) Survival: died (score multiplied by 3) Total score: 3045 Latest messages: Click! Kitty triggers something. The boulder hits kitty! Kitty is killed! You hear a hollow sound. This must be a secret passage! With great effort you move the boulder. You hear someone counting money. You hear a gurgling noise. This door is locked. You succeed in unlocking the door. The door opens. You hear nothing special. You hear nothing special. With great effort you move the boulder. You try to move the boulder, but in vain. You hack the gecko. The gecko is moderately wounded. The gecko bites! You fall asleep. Something bites! (7x) You die... Final status: Goodbye woodfighter the Healer, killed by a gecko, while sleeping... You died in The Dungeons of Doom on dungeon level 3 with 3045 points, and 1668 pieces of gold, after 1122 moves. You were level 2 with a maximum of 21 hit points when you died.